 Dungeon Sprint DCSS version 0.21.0-26-g889b8f6 (webtiles) character file.

22900000 doot the Axe Maniac (level 27, -11/249 HPs)
             Began as a Formicid Warper on Jan 27, 2018.
             Was the Champion of Makhleb.
             Mangled by a fleshlord
             ... wielding a +9 great mace
              (260 damage)
             ... in the Dungeon (Sprint VIII: "Arena of Blood").
             The game lasted 00:08:20 (229 turns).

doot the Axe Maniac (Formicid Warper)                Turns: 229, Time: 00:08:21

Health: -11/249    AC:  6    Str: 18    XL:     27
Magic:  46/54      EV: 34    Int: 15    God:    Makhleb [******]
Gold:   0          SH:  0    Dex: 19    Spells: 76/80 levels left

rFire    + . .     SeeInvis +   k - +∞ Axe of Woe
rCold    . . .     Gourm    .   (no shield)
rNeg     . . .     Faith    .   a - +0 leather armour
rPois    .         Spirit   .   (helmet unavailable)
rElec    .         Reflect  .   (no cloak)
rCorr    .         Harm     .   (no gloves)
MR       ++...                  (no boots)
Stlth    +++++++++.             (no amulet)
HPRegen  0.51/turn              l - ring of protection from fire
MPRegen  0.34/turn              (no ring)

@: no status effects
A: permanent stasis, dig shafts and tunnels, four strong arms, antennae 3
a: Dig, Minor Destruction, Lesser Servant of Makhleb, Major Destruction, Greater
Servant of Makhleb, Renounce Religion


You were in the Dungeon.
You worshipped Makhleb.
Makhleb was exalted by your worship.
You were not hungry.

You visited 1 branch

Inventory:

Hand Weapons
 k - the +∞ Axe of Woe (weapon)
   (You found it in the Dungeon)
Missiles
 d - 5 tomahawks of dispersal (quivered)
Armour
 a - a +0 leather armour (worn)
Jewellery
 l - a ring of protection from fire (left hand)
 m - a +30 ring of slaying
 n - a +30 ring of slaying
Scrolls
 c - 2 scrolls of blinking
Potions
 e - a potion of curing
 g - a potion of heal wounds
 h - a potion of haste
 i - 2 potions of magic
 j - a potion of berserk rage
Books
 b - a book of Spatial Translocations

   Spells                             Type                      Level
   a - Blink                          Translocation                2
   b - Shroud of Golubria             Charms/Translocation         2
   c - Lesser Beckoning               Translocation                3
   d - Gell's Gravitas                Translocation                3
   e - Teleport Other                 Translocation                3
   f - Passage of Golubria            Translocation                4
Comestibles
 f - a ration


   Skills:
 O Level 27 Fighting
 O Level 27 Axes
 O Level 27 Throwing
 O Level 27 Armour
 O Level 27 Dodging
 O Level 27 Stealth
 O Level 27 Unarmed Combat
 O Level 27 Spellcasting
 O Level 27 Translocations
 O Level 27 Invocations


You had 76 spell levels left.
You knew the following spells:

 Your Spells              Type           Power        Failure   Level  Hunger
a - Passage of Golubria   Tloc           N/A          0%          4    None


Dungeon Overview and Level Annotations

Branches:
Dungeon (1/1)

Altars:
Makhleb


Innate Abilities, Weirdness & Mutations

You cannot be hasted, slowed, berserked, paralysed or teleported.
You can dig through walls and to a lower floor.
Your four strong arms can wield two-handed weapons with a shield.
You have a pair of large antennae on your head. (SInv)


Message History

You hear a shout! x3
The fleshlord completely misses you.
You hear a shout! x2
You carve the fleshlord like a ham!!!
You hew the fleshlord savagely.
You kill the fleshlord!
Makhleb accepts your kill.
You feel better.
You hear a shout! x3
Unknown command.
You slash the fleshlord!
You fatally mangle the fleshlord.
You kill the fleshlord!
Makhleb accepts your kill.
You hear a shout! x5
Unknown command.
Memorise Shroud of Golubria, consuming 2 spell levels and leaving 74?
You hear a shout! x5
The fleshlord hits you with a +9 great mace!!!!!
Your memorisation is interrupted.
Ouch! That really hurt!
You die...

..#. D..#
...#.## .o#.{W{{
#.# #.{{{# { #.#
#.{{{#{{ #.#
.{{#.{{{ #.#
..{{{{{{{{ #.#
..{{{{)#######.#
{X ##p^.^.##.#
#@#####.#.# ###
##.## ###


You could see a fleshlord.

Vanquished Creatures
  6 hell knights (D)
  5 hell beasts (D)
  A wraith (D)
  8 vampire knights (D)
  32 ogres (D)
  5 two-headed ogres (D)
  54 orcs (D)
  A phantom (D)
  A sea snake (D)
113 creatures vanquished.

Notes
Turn   | Place    | Note
-------+----------+-------------------------------------------
     0 | D        | Found the +∞ Axe of Woe
     0 | D        | doot the Formicid Warper began the quest for the Orb.
     0 | D        | Reached XP level 1. HP: 16/16 MP: 3/3
     3 | D        | Noticed a bag of meat
     4 | D        | Noticed a bag of meat
     4 | D        | Became a worshipper of Makhleb the Destroyer
     5 | D        | Noticed a bag of meat
     5 | D        | Noticed a meat berserker
     5 | D        | Killed a bag of meat
     5 | D        | Reached XP level 2. HP: 22/22 MP: 5/5
     5 | D        | Reached XP level 3. HP: 27/27 MP: 6/6
     5 | D        | Reached XP level 4. HP: 33/33 MP: 7/7
     5 | D        | Reached XP level 5. HP: 38/38 MP: 8/8
     5 | D        | Reached XP level 6. HP: 44/44 MP: 9/9
     5 | D        | Reached XP level 7. HP: 50/50 MP: 10/10
     5 | D        | Reached XP level 8. HP: 56/56 MP: 11/11
     5 | D        | Reached XP level 9. HP: 61/61 MP: 12/12
     5 | D        | Reached XP level 10. HP: 67/67 MP: 13/13
     5 | D        | Reached XP level 11. HP: 72/72 MP: 14/14
     5 | D        | Reached XP level 12. HP: 78/78 MP: 15/15
     6 | D        | Noticed a meat berserker
     6 | D        | Noticed a bag of meat
     8 | D        | Noticed a meat berserker
     8 | D        | Noticed a bag of meat
     9 | D        | Killed a meat berserker
     9 | D        | Reached * piety under Makhleb
     9 | D        | Reached skill level 27 in Axes
     9 | D        | Reached skill level 10 in Unarmed Combat
     9 | D        | Reached XP level 13. HP: 106/106 MP: 15/29
     9 | D        | Reached XP level 14. HP: 113/113 MP: 15/30
     9 | D        | Killed a bag of meat
     9 | D        | Reached skill level 5 in Throwing
     9 | D        | Reached XP level 15. HP: 124/124 MP: 15/33
    10 | D        | Killed a meat berserker
    10 | D        | Reached ** piety under Makhleb
    10 | D        | Reached skill level 15 in Dodging
    10 | D        | Reached XP level 16. HP: 141/141 MP: 15/39
    11 | D        | Noticed a meat berserker
    12 | D        | Noticed a meat berserker
    13 | D        | Noticed a meat berserker
    13 | D        | Noticed a meat berserker
    14 | D        | Noticed a meat berserker
    14 | D        | Noticed a meat berserker
    15 | D        | Killed a meat berserker
    15 | D        | Reached XP level 17. HP: 154/154 MP: 16/42
    15 | D        | Reached skill level 10 in Armour
    15 | D        | Killed a meat berserker
    15 | D        | Reached *** piety under Makhleb
    15 | D        | Reached skill level 10 in Throwing
    15 | D        | Reached XP level 18. HP: 169/169 MP: 16/45
    16 | D        | Killed a meat berserker
    16 | D        | Reached XP level 19. HP: 182/182 MP: 16/49
    16 | D        | Reached **** piety under Makhleb
    17 | D        | Noticed a meat berserker
    17 | D        | Killed a meat berserker
    17 | D        | Reached skill level 27 in Fighting
    17 | D        | Reached skill level 27 in Spellcasting
    17 | D        | Reached XP level 20. HP: 197/197 MP: 16/51
    18 | D        | Noticed a meat berserker
    19 | D        | Noticed a destroyer
    19 | D        | Noticed a meat berserker
    20 | D        | Noticed a meat berserker
    21 | D        | Noticed a destroyer
    21 | D        | Noticed a meat berserker
    21 | D        | Noticed a meat berserker
    21 | D        | Noticed a large bag of meat
    21 | D        | Noticed a meat berserker
    21 | D        | Noticed a destroyer
    22 | D        | Killed a meat berserker
    22 | D        | Reached skill level 15 in Armour
    22 | D        | Reached skill level 27 in Unarmed Combat
    22 | D        | Reached skill level 27 in Dodging
    22 | D        | Reached XP level 21. HP: 204/204 MP: 18/52
    22 | D        | Reached ***** piety under Makhleb
    22 | D        | Killed a meat berserker
    23 | D        | Killed a meat berserker
    23 | D        | Reached skill level 27 in Armour
    23 | D        | Reached XP level 22. HP: 212/212 MP: 18/53
    23 | D        | Reached skill level 27 in Throwing
    23 | D        | Reached skill level 15 in Stealth
    24 | D        | Noticed a large bag of meat
    24 | D        | Killed a meat berserker
    24 | D        | Reached XP level 23. HP: 219/219 MP: 18/54
    24 | D        | Reached skill level 27 in Stealth
    24 | D        | Reached skill level 27 in Invocations
    25 | D        | Reached ****** piety under Makhleb
    25 | D        | Reached XP level 24. HP: 227/227 MP: 19/54
    26 | D        | Reached XP level 25. HP: 234/234 MP: 19/54
    28 | D        | Killed a large bag of meat
    28 | D        | Reached XP level 26. HP: 242/242 MP: 19/54
    28 | D        | Killed a destroyer
    29 | D        | Reached XP level 27. HP: 249/249 MP: 19/54
    30 | D        | Noticed a destroyer
    30 | D        | Noticed a large bag of meat
    31 | D        | Killed a large bag of meat
    31 | D        | Killed a destroyer
    32 | D        | Noticed a large bag of meat
    33 | D        | Noticed a large bag of meat
    34 | D        | Noticed a large bag of meat
    35 | D        | Killed a destroyer
    37 | D        | Noticed a destroyer
    37 | D        | Noticed a destroyer
    38 | D        | Killed a destroyer
    40 | D        | Noticed a destroyer
    47 | D        | Killed a destroyer
    47 | D        | Killed a destroyer
    49 | D        | Noticed a large bag of meat
    51 | D        | Killed a destroyer
    52 | D        | Noticed a large bag of meat
    54 | D        | Killed a large bag of meat
    56 | D        | Killed a large bag of meat
    66 | D        | Killed a large bag of meat
   103 | D        | Learned a level 4 spell: Passage of Golubria
   164 | D        | Noticed a meat beast
   164 | D        | Noticed a fleshlord
   164 | D        | Noticed a fleshlord
   164 | D        | Noticed a destroyer
   165 | D        | Noticed a meat beast
   165 | D        | Noticed a fleshlord
   166 | D        | Noticed a meat beast
   166 | D        | Noticed a fleshlord
   167 | D        | Reached skill level 27 in Translocations
   168 | D        | Killed a meat beast
   198 | D        | Noticed a large bag of meat
   198 | D        | Noticed a meat beast
   198 | D        | Noticed a fleshlord
   198 | D        | Noticed a fleshlord
   199 | D        | Noticed a fleshlord
   201 | D        | Noticed a destroyer
   202 | D        | Noticed a meat beast
   202 | D        | Noticed a dread
   203 | D        | Noticed a tyrant
   203 | D        | Killed a fleshlord
   205 | D        | Noticed a large bag of meat
   205 | D        | Noticed a meat beast
   205 | D        | Noticed a meat beast
   206 | D        | Noticed a fleshlord
   206 | D        | Noticed a meat beast
   207 | D        | Killed a fleshlord
   208 | D        | Killed a meat beast
   209 | D        | Killed a meat beast
   211 | D        | Noticed a meat beast
   212 | D        | Noticed a fleshlord
   212 | D        | Killed a destroyer
   213 | D        | Killed a meat beast
   214 | D        | Noticed a fleshlord
   215 | D        | Killed a dread
   216 | D        | Noticed a dread
   216 | D        | Killed a meat beast
   217 | D        | Noticed a tyrant
   217 | D        | Killed a fleshlord
   222 | D        | Killed a fleshlord
   227 | D        | Killed a fleshlord
   228 | D        | Killed a fleshlord
   229 | D        | Mangled by a fleshlord

Skill      XL: |  1  2  3  4  5  6  7  8  9 10 11 12 13 14 15 16 17 18 19 20 21 22 23 24 25 26 27 |
---------------+----------------------------------------------------------------------------------+-----
Axes           | 25 27 | 27.0
Fighting       | 11 13 17 19 22 24 27 | 27.0
Throwing       | 4 5 7 8 10 11 12 17 25 27 | 27.0
Armour         | 4 6 8 9 11 12 13 17 27 | 27.0
Dodging        | 9 11 15 17 19 21 23 27 | 27.0
Unarmed Combat | 10 12 16 18 20 22 24 27 | 27.0
Spellcasting   | 12 14 19 21 23 26 27 | 27.0
Stealth        | 24 27 | 27.0
Invocations    | 23 27 | 27.0
Translocations | 27 | 27.0

Action                   |  1- 3 |  4- 6 |  7- 9 | 10-12 | 13-15 | 16-18 | 19-21 | 22-24 | 25-27 || total
-------------------------+-------+-------+-------+-------+-------+-------+-------+-------+-------++-------
Melee: Executioner's axe |     1 |       |       |     1 |     1 |     2 |     3 |     3 |    45 ||    56
 Cast: Passage of Golubr |       |       |       |       |       |       |       |       |     6 ||     6
 Abil: Dig               |       |       |       |     1 |       |       |       |       |     9 ||    10
Armor: Leather armour    |       |       |       |       |       |       |       |       |     1 ||     1
Dodge: Dodged            |       |       |       |       |       |     1 |     1 |     1 |     7 ||    10
